 Dungeon Crawl Stone Soup version 0.25-a0-471-g78e40d7af6 (webtiles) character file.

Game seed: 411635878885458779, levelgen mode: deterministic

7192 insidiousKiller the Spear-Bearer (level 11, -1/78 HPs)
             Began as a Formicid Abyssal Knight on Feb 6, 2020.
             Was an Elder of Lugonu.
             Slain by a bullfrog (8 damage)
             ... on level 10 of the Dungeon.
             The game lasted 00:36:43 (12710 turns).

insidiousKiller the Spear-Bearer (FoAK)            Turns: 12710, Time: 00:36:43

Health: -1/78      AC:  5    Str: 20    XL:     11   Next: 32%
Magic:  13/16      EV: 11    Int: 12    God:    Lugonu [****..]
Gold:   462        SH: 11    Dex: 10    Spells: 1/10 levels left

rFire    + . .     SeeInvis +   E - +0 glaive
rCold    + . .     Gourm    .   A - +0 shield
rNeg     . . .     Faith    .   p - +1 robe {rF+}
rPois    +         Spirit   .   (helmet unavailable)
rElec    +         Reflect  .   C - +0 cloak {rPois}
rCorr    .         Harm     .   i - +0 pair of gloves
MR       +....                  (no boots)
Stlth    +.........             j - amulet "Guqugine" {rElec Regen+}
HPRegen  0.63/turn              B - ring of protection from cold
MPRegen  0.15/turn              (no ring)

@: no status effects
A: permanent stasis, dig shafts and tunnels, four strong arms, antennae 3
a: Dig, Shaft Self, Depart the Abyss, Bend Space, Banish, Corrupt, Renounce
Religion


You were on level 10 of the Dungeon.
You worshipped Lugonu.
Lugonu was greatly pleased with you.
You were very hungry.

You visited 1 branch of the dungeon, and saw 10 of its levels.
You visited the Abyss 1 time.
You also visited: Sewer.

You collected 462 gold pieces.

Inventory:

Hand Weapons
 a - a +2 spear
 D - a +3 quarterstaff of chaos
 E - a +0 glaive (weapon)
 G - a +0 executioner's axe
Missiles
 e - 38 poisoned darts (quivered)
Armour
 i - a +0 pair of gloves (worn)
 n - a +1 large shield
 p - a +1 robe of fire resistance (worn)
 z - cursed +0 swamp dragon scales
 A - a +0 shield (worn)
 C - a +0 cloak of poison resistance (worn)
 F - a +2 large shield
Jewellery
 j - an amulet "Guqugine" (around neck) {rElec Regen+}
   (You found it on level 6 of the Dungeon)

   [amulet of regeneration]

   It insulates you from electricity.
   It increases your rate of regeneration.
 B - a ring of protection from cold (left hand)
 J - an uncursed ring of ice {unknown}
Wands
 g - a wand of random effects (11)
 s - a wand of digging (5)
Scrolls
 k - a scroll of fear {unknown}
 l - 3 scrolls of fog
 m - 2 scrolls of amnesia
 o - a scroll of immolation
 q - 2 scrolls of enchant armour
 v - 2 scrolls of remove curse
 w - 3 scrolls of identify
 y - 2 scrolls of holy word {unknown}
 H - a scroll of enchant weapon
 I - 2 scrolls of magic mapping
Potions
 b - a potion of lignification {unknown}
 d - a potion of curing
 f - a potion of might
 h - 3 potions of haste
 r - 3 potions of flight
 t - 2 potions of cancellation
 u - 3 potions of heal wounds
 x - 3 potions of degeneration {unknown}
Comestibles
 c - 22 rations


   Skills:
 - Level 4.5 Fighting
 + Level 1.5(7.3) Axes
 - Level 11.1(11.2) Polearms
 - Level 0.8(7.1) Staves
 - Level 2.1 Armour
 - Level 0.8 Dodging
 - Level 9.2 Shields
 + Level 5.1 Hexes
 + Level 4.2 Charms
 - Level 1.4 Translocations
 - Level 1.3 Air Magic
 - Level 7.7 Invocations


You had one spell level left.
You knew the following spells:

 Your Spells              Type           Power        Failure   Level  Hunger
a - Spectral Weapon       Hex/Chrm       ##......     14%         3    ####...
b - Swiftness             Chrm/Air       #.......     16%         2    ###....
c - Shroud of Golubria    Chrm/Tloc      #.....       16%         2    ###....
d - Song of Slaying       Chrm           ##......     9%          2    ###....

Your spell library contained the following spells:

 Spells                   Type           Power        Failure   Level  Hunger
 Infusion                 Chrm           ##..         6%          1    ##.....
 Shock                    Conj/Air       #...         26%         1    ##.....
 Beastly Appendage        Tmut           #.....       32%         1    ##.....
 Freeze                   Ice            #...         32%         1    ##.....
 Ozocubu's Armour         Chrm/Ice       #.......     38%         3    ####...
 Sticks to Snakes         Tmut           #.......     45%         2    ###....
 Static Discharge         Conj/Air       #.......     58%         3    ####...
 Frozen Ramparts          Ice            #.....       69%         3    ####...
 Spider Form              Tmut/Pois      #.........   69%         3    ####...
 Airstrike                Air            #.........   88%         4    #####..
 Hailstorm                Conj/Ice       #.......     97%         4    #####..
 Ice Form                 Ice/Tmut       #.......     97%         4    #####..
 Summon Ice Beast         Ice/Summ       #.......     97%         4    #####..
 Blade Hands              Tmut           #.........   100%        5    ######.
 Lightning Bolt           Conj/Air       #.........   100%        5    ######.


Dungeon Overview and Level Annotations

Branches:
Dungeon (10/15)            Temple (0/1) D:6            Lair (0/6) D:9
  Sewer (visited)
    Orc: D:9-12

Altars:
Hepliaklqana
Makhleb
Nemelex Xobeh
Okawaru
Ru
Sif Muna
Trog
Vehumet
Xom

Shops:
D:8 =

Annotations:
D:7 corrupted
D:10 Gastronok


Innate Abilities, Weirdness & Mutations

You cannot be hasted, slowed, berserked, paralysed or teleported.
You can dig through walls and to a lower floor.
Your four strong arms can wield two-handed weapons with a shield.
You have a pair of large antennae on your head. (SInv)


Message History

Lugonu claims a new guest.
Your base Axes skill increases to level 1!
Your Hexes skill increases to level 5!
Your Charms skill increases to level 4!
You feel somewhat more hungry.
You slice the hound!!
You kill the hound!
Lugonu accepts your kill.
The bullfrog hits you but does no damage.
You slash the bullfrog!
The bullfrog is almost dead.
You block the bullfrog's attack.
You closely miss the bullfrog.
The bullfrog is almost dead.
You block the bullfrog's attack. The bullfrog hits you.
* * * LOW HITPOINT WARNING * * *
The bullfrog hits you.
* * * LOW HITPOINT WARNING * * *
You see here a necrophage corpse.
You feel better. The bullfrog hits you!
You die...

#<#########...#
#.............#####
#..................
#..................
#.#################
#.# #.######## ####
#......... .....
#.@....... .....
#F######## ...#
#†############...##
#...F..............
#.##########.......
#.# #...####
#.##########...#
#.w............###
#..................


You could see a bullfrog.

Vanquished Creatures
  Josephine (D:10)
  2 centaur skeletons
  Maggie (D:8)
  A hippogriff (D:6)
  2 wraiths
  2 wyverns (D:8)
  A hungry ghost (D:7)
  2 porcupines (D:9)
  2 black bears
  An orc warrior (D:9)
  2 necrophages (D:10)
  2 ogres (D:6)
  6 centaurs
  A phantom (D:6)
  A big kobold (Sewer)
  6 bullfrogs
  A wyvern zombie (D:10)
  3 scorpions
  6 killer bees (D:8)
  9 wights
  3 howler monkeys
  4 jellies
  A crimson imp (D:6)
  3 hounds
  2 orc priests
  6 orc wizards
  Crazy Yiuf (D:3)
  3 bullfrog skeletons
  An iguana (D:9)
  11 worker ants
  4 gnolls
  2 river rats (D:6)
  13 adders
  4 shadow imps
  7 oozes
  2 adder zombies
  2 worms
  6 leopard geckos
  19 orcs
  3 ball pythons
  6 giant cockroaches
  6 goblins
  8 hobgoblins
  18 jackals
  5 quokkas
  9 bats
  2 frilled lizards (D:2)
  A jackal skeleton (D:7)
  A jackal zombie (D:8)
  12 kobolds
  2 leopard gecko zombies (D:5)
  A quokka skeleton (D:6)
  A quokka zombie (D:6)
  21 rats
242 creatures vanquished.

Vanquished Creatures (others)
  A two-headed ogre (D:10)
  A hippogriff (D:6)
  A wraith (D:10)
  2 orc warriors
  4 wights (D:7)
  A crimson imp (D:7)
  An adder (D:7)
  2 starspawn tentacles (D:7)
13 creatures vanquished.

Grand Total: 255 creatures vanquished

Notes
Turn   | Place    | Note
-------+----------+-------------------------------------------
     0 | Abyss:1  | insidiousKiller the Formicid Abyssal Knight began the quest
                  | for the Orb.
     0 | Abyss:1  | Reached XP level 1. HP: 18/18 MP: 2/2
    32 | Abyss:1  | Found an opulent altar of Gozag.
   141 | Abyss:1  | Noticed a large abomination
   155 | Abyss:1  | Noticed a raiju
   162 | Abyss:1  | Noticed a lich
   164 | D:1      | Escaped the Abyss
   337 | D:1      | Reached * piety under Lugonu
   337 | D:1      | Reached XP level 2. HP: 20/24 MP: 3/3
   615 | D:1      | Reached skill level 3 in Polearms
   770 | D:1      | Reached XP level 3. HP: 11/29 MP: 4/4
  1802 | D:2      | Found a bloodstained altar of Trog.
  1830 | D:2      | Reached XP level 4. HP: 37/37 MP: 5/5
  1875 | D:2      | Reached ** piety under Lugonu
  1961 | D:2      | Found a shimmering altar of Xom.
  2358 | D:3      | Found a runed translucent door.
  2359 | D:3      | Noticed Crazy Yiuf
  3217 | D:3      | Reached XP level 5. HP: 40/43 MP: 6/6
  3406 | D:3      | Reached skill level 4 in Polearms
  4169 | D:3      | Reached skill level 5 in Polearms
  4169 | D:3      | Reached XP level 6. HP: 32/49 MP: 7/7
  4639 | D:4      | Found an iron altar of Okawaru.
  4774 | D:4      | Reached skill level 6 in Polearms
  4774 | D:4      | Reached XP level 7. HP: 47/55 MP: 8/8
  4800 | D:4      | Reached *** piety under Lugonu
  5657 | D:5      | Entered Level 5 of the Dungeon
  5762 | D:5      | Reached skill level 7 in Polearms
  6222 | D:6      | Found a staircase to the Ecumenical Temple.
  6323 | D:6      | Found a sacrificial altar of Ru.
  6391 | D:6      | Reached XP level 8. HP: 34/61 MP: 11/11
  6486 | D:6      | Found a glowing drain.
  6502 | Sewer    | Entered a sewer
  6769 | Sewer    | Reached skill level 5 in Invocations
  6794 | Sewer    | Found a glowing silver altar of Zin.
  6886 | D:6      | Noticed a hippogriff
  6900 | D:6      | Banished a hippogriff
  7189 | D:6      | Got a faintly glowing iron amulet
  7357 | D:6      | Identified an amulet "Guqugine" {rElec Regen+} (You found
                  | it on level 6 of the Dungeon)
  7504 | D:6      | Reached skill level 1 in Shields
  7741 | D:5      | Reached XP level 9. HP: 45/66 MP: 14/14
  7754 | D:5      | Reached **** piety under Lugonu
  7935 | D:5      | Reached skill level 5 in Shields
  8070 | D:5      | Found a burning altar of Makhleb.
  8775 | D:7      | Reached skill level 8 in Polearms
  8779 | D:7      | Found a shimmering blue altar of Sif Muna.
  8790 | D:7      | Noticed a hippogriff
  8810 | D:6      | Killed a hippogriff
  8942 | D:7      | Corrupted D:7
  8942 | D:7      | Noticed a yellow draconian annihilator
  8942 | D:7      | Noticed a thrashing horror
  8942 | D:7      | Noticed a tentacled starspawn
  8942 | D:7      | Noticed a hellion
  8942 | D:7      | Noticed a spatial maelstrom
  9129 | D:7      | Reached skill level 9 in Polearms
  9555 | D:7      | Found a sparkling altar of Nemelex Xobeh.
  9555 | D:7      | Found a radiant altar of Vehumet.
  9794 | D:8      | Found Oqicwics's Jewellery Emporium.
  9837 | D:8      | Reached skill level 10 in Polearms
 10058 | D:8      | Noticed Maggie
 10083 | D:8      | Killed Maggie
 10083 | D:8      | Reached XP level 10. HP: 61/73 MP: 15/15
 10252 | D:8      | HP: 1/73 [shadow imp/nerve-wracking pain (10)]
 10398 | D:8      | Found a hazy altar of Hepliaklqana.
 10595 | D:8      | Found a sacrificial altar of Ru.
 10866 | D:3      | Killed Crazy Yiuf
 11403 | D:9      | Found a staircase to the Lair.
 11773 | D:9      | Reached skill level 11 in Polearms
 12118 | D:9      | Learned a level 3 spell: Spectral Weapon
 12121 | D:9      | Learned a level 2 spell: Swiftness
 12124 | D:9      | Learned a level 2 spell: Shroud of Golubria
 12127 | D:9      | Learned a level 2 spell: Song of Slaying
 12128 | D:10     | Entered Level 10 of the Dungeon
 12185 | D:10     | Reached skill level 1 in Hexes
 12185 | D:10     | Reached skill level 1 in Charms
 12300 | D:10     | Noticed Josephine
 12339 | D:10     | Killed Josephine
 12339 | D:10     | Reached XP level 11. HP: 23/77 MP: 16/16
 12503 | D:10     | Reached skill level 1 in Translocations
 12503 | D:10     | Reached skill level 1 in Air Magic
 12677 | D:10     | Noticed Gastronok
 12683 | D:10     | Noticed a two-headed ogre
 12702 | D:10     | HP: 3/77 [two-headed ogre/+0 giant spiked club (14)]
 12704 | D:10     | Banished a two-headed ogre
 12704 | D:10     | Reached skill level 1 in Axes
 12704 | D:10     | Reached skill level 5 in Hexes
 12708 | D:10     | HP: 3/77 [bullfrog (4)]
 12709 | D:10     | HP: 1/77 [bullfrog (3)]
 12710 | D:10     | Slain by a bullfrog

Levels and vault maps discovered:
D:1:      minmay_arrival_cross, layout_basic
D:2:      layout_loops_cross, old_standard_altar, xom_butterflies, first_ration
D:3:      layout_loops_ring, kennysheep_generic_room_3, uniq_crazy_yiuf_cottage
D:4:      layout_basic, kennysheep_okawaru_gauntlet,
          chequers_serial_rivers_marsh
D:5:      layout_layer_cave, lemuel_doored_altar
D:6:      layout_basic, minmay_temple_entry_wispy, portal_sewer_entry_e,
          nicolae_ru_sacrificial_ziggurat
D:7:      layout_loops_ring, nicolae_overflow_crystal_walls,
          gammafunk_temple_overflow_elements
D:8:      layout_rooms, lemuel_round_altar, lemuel_round_altar, serial_shops,
          nicolae_shop_trees, uniq_maggie
D:9:      layout_basic, grunt_lair_entry_orc_guard_hut
D:10:     layout_long_grid, david_orc_5, hangedman_little_slice_of_home,
          uniq_grum, uniq_gastronok, uniq_josephine

Skill      XL: |  1  2  3  4  5  6  7  8  9 10 11 |
---------------+----------------------------------+-----
Polearms       | 3 5 6 7 10 11 | 11.1
Fighting       | 4 |  4.5
Invocations    | 4 7 |  7.7
Shields        | 4 6 9 |  9.2
Hexes          | 4 5 |  5.1
Charms         | 3 4 |  4.2
Translocations | 1 |  1.4
Air Magic      | 1 |  1.3
Axes           | 1 |  1.5
Staves         | |  0.8
Armour         | |  2.1
Dodging        | |  0.8

Action                   |  1- 3 |  4- 6 |  7- 9 | 10-12 || total
-------------------------+-------+-------+-------+-------++-------
Melee: Spear             |   214 |   332 |   532 |    89 ||  1167
       Glaive            |       |       |       |   207 ||   207
       Quarterstaff      |       |       |       |    26 ||    26
Throw: Dart              |       |    20 |    29 |       ||    49
Invok: Depart the Abyss  |     1 |       |       |       ||     1
       Banish            |       |       |     2 |     4 ||     6
       Corrupt           |       |       |     1 |       ||     1
       Bend Space        |       |       |       |     1 ||     1
 Abil: Dig               |     1 |     1 |       |       ||     2
Evoke: Wand              |       |       |    10 |       ||    10
  Use: Scroll            |     2 |     7 |     3 |       ||    12
       Potion            |     3 |     1 |     6 |     3 ||    13
 Stab: Sleeping          |     1 |     1 |     2 |       ||     4
  Eat: Chunk             |     4 |     9 |    16 |     9 ||    38
       Ration            |       |       |     1 |       ||     1
Armor: Leather armour    |    55 |    76 |    15 |       ||   146
       Robe              |       |       |    58 |    43 ||   101
Dodge: Dodged            |    98 |   189 |   150 |   108 ||   545
Block: Large shield      |       |       |   135 |       ||   135
       Shield            |       |       |     8 |   177 ||   185

Table legend:
 A = Non-vault XP
 B = Vault XP
 C = Vault XP percentage of total XP
 D = Non-vault monster count
 E = Vault monster count
 F = Vault count percentage of total count
                 A         B        C        D         E       F
            +---------+---------+-------+---------+---------+-------
      Total |    7463 |    2812 |  27.4 |     207 |      40 |  16.2
            +---------+---------+-------+---------+---------+-------
        D:1 |      46 |       0 |   0.0 |      26 |       0 |   0.0
        D:2 |      36 |       0 |   0.0 |      16 |       0 |   0.0
        D:3 |     170 |      41 |  19.4 |      33 |       2 |   5.7
        D:4 |     391 |       4 |   1.0 |      13 |       2 |  13.3
        D:5 |     541 |       0 |   0.0 |      23 |       0 |   0.0
        D:6 |    1456 |      50 |   3.3 |      27 |       8 |  22.9
        D:7 |     622 |       0 |   0.0 |      13 |       0 |   0.0
        D:8 |    1441 |     385 |  21.1 |      18 |       1 |   5.3
        D:9 |    1182 |     710 |  37.5 |      29 |       5 |  14.7
       D:10 |    1578 |    1508 |  48.9 |       9 |      11 |  55.0
      Sewer |       0 |     114 | 100.0 |       0 |      11 | 100.0
            +---------+---------+-------+---------+---------+-------
